[Event "*** Titled Tuesday Blitz"]
[Site "Chess.com"]
[Date "2019.08.06"]
[Round "10"]
[White "GMHess"]
[Black "OparinGrigoriy"]
[Result "1-0"]
[WhiteElo "2813"]
[BlackElo "2970"]
[TimeControl "180+2"]
[EndTime "15:22:53 PDT"]
[Termination "GMHess won by resignation"]

1. d4 Nf6 2. c4 e6 3. Nc3 Bb4 4. Qc2 d6 5. Nf3 O-O 6. a3 Bxc3+ 7. Qxc3 b6 8. g3 Bb7 9. Bg2 Nbd7 10. O-O a5 11. b3 Qe7 12. Bb2 Rfc8 13. Rfd1 h6 14.
d5 exd5 15. cxd5 Nc5 16. Nd4 Qe5 17. f4 Qh5 18. Bf3 Qg6 19. Nc6 Re8 20. Rd4 Nfe4 21.
Qc2 f5 22. Kg2 Nf6 23. b4 axb4 24. axb4 Rxa1 25. Bxa1 Nce4 26. Rd3 Ba6 27. Ra3 Bb7 28.
Ra7 Bxc6 29. Qxc6 Nd2 30. Bxf6 Nxf3 31. exf3 Re2+ 32. Kf1 Rxh2 33. Bh4 Qh5 34. Qc3 Qe8 35.
Qd3 Rh1+ 36. Kg2 Re1 37. Ra2 g6 38. Rf2 Kf7 39. Qc3 g5 40. fxg5 hxg5 41. Bxg5 Qe5 42. Qxe5 dxe5 43. Rc2 Kg6 44. Bd8 Rd1 45. Bxc7 Rxd5 46.
Bxb6 Rd3 47. Rb2 e4 48. fxe4 fxe4 49. Bf2 e3 50. Be1 Kf5 51. Kf3 Ke5 52. b5 Kd6 53. b6 Kc6 54. b7 e2+ 55. Kxe2 1-0

[Event "*** Titled Tuesday Blitz"]
[Site "Chess.com"]
[Date "2019.08.06"]
[Round "10"]
[White "Saitama_Hero"]
[Black "JMatias"]
[Result "1-0"]
[WhiteElo "2352"]
[BlackElo "2442"]
[TimeControl "180+2"]
[EndTime "15:22:53 PDT"]
[Termination "Saitama_Hero won on time"]

1. d4 d6 2. e4 g6 3. Nc3 Bg7 4. Be3 a6 5. Qd2 b5 6. h4 Bb7 7.
f3 h5 8. O-O-O Nd7 9. Nh3 c5 10. dxc5 Nxc5 11. Kb1 Nf6 12. e5 Nfd7 13. exd6 exd6 14.
Qxd6 Bxc3 15. bxc3 Qe7 16. Qd4 O-O-O 17. Nf4 Rhe8 18.
Re1 Nb6 19. Qb4 Nba4 20. g3 Qxe3 21. Bh3+ f5 22. Rxe3 Rxe3 23. Nxg6 Nxc3+ 24. Ka1 N5a4 25. Bxf5+ Kb8 26. Qf4+ Ka8 27. Qxe3 Nd5 28. Qd4 Re8 29. Be4 Nac3 30. Nf4 Nxf4 31. Bxb7+ Kxb7 32. Qd7+ Kb6 33. Qxe8 Nfd5 34. Qe5 b4 35. Rd1 1-0

[Event "*** Titled Tuesday Blitz"]
[Site "Chess.com"]
[Date "2019.08.06"]
[Round "10"]
[White "tonyq11"]
[Black "aquaticpineapples"]
[Result "0-1"]
[WhiteElo "2194"]
[BlackElo "2146"]
[TimeControl "180+2"]
[EndTime "15:22:54 PDT"]
[Termination "aquaticpineapples won by resignation"]

1. d4 d5 2. c4 e6 3. Nc3 Nf6 4. Bf4 Bb4 5. e3 O-O 6. a3 Bxc3+ 7. bxc3 b6 8. Bd3 Ba6 9. cxd5 Nxd5 10. Ne2 Nxf4 11. Nxf4 c5 12. O-O Bb7 13. Qg4 Nd7 14. Nh5 g6 15. Ng3 Nf6 16. Qe2 Rc8 17. Rac1 Qd5 18. e4 Qb3 19. f4 cxd4 20. cxd4 Qxa3 21.
f5 Rxc1 22. Rxc1 Qxc1+ 23. Nf1 exf5 24. exf5 Re8 25. Qa2 Re1 26. fxg6 hxg6 27. Qf2 Kg7 28. h3 Be4 29. Bb5 Bd5 30. g4 Ne4 31. Qf4 Qxf4 0-1

[Event "*** Titled Tuesday Blitz"]
[Site "Chess.com"]
[Date "2019.08.06"]
[Round "10"]
[White "ChadBiryani"]
[Black "dmosesov"]
[Result "0-1"]
[WhiteElo "2387"]
[BlackElo "2539"]
[TimeControl "180+2"]
[EndTime "15:22:59 PDT"]
[Termination "dmosesov won by resignation"]

1. d4 Nf6 2. Bg5 Ne4 3. Bf4 c5 4. f3 Qa5+ 5. c3 Nf6 6. d5 Qb6 7. e4 Qxb2 8. Nd2 Qxc3 9. Bc7 d6 10. Ne2 Qd3 11. Rb1 Qe3 12. Rb3 Qh6 13. Ng3 g6 14.
Be2 Bg7 15. O-O O-O 16. Qc2 Nbd7 17. Ba5 e6 18. dxe6 fxe6 19. Nc4 d5 20. Bd2 Qh4 21. Nd6 b6 22. Qc1 Nh5 23. Bg5 Bd4+ 24. Rf2 Nxg3 25.
hxg3 Qxg3 26. Be3 Bxe3 27. Qxe3 Qxd6 28. Bb5 d4 29. Qd3 Ne5 30. Qf1 a6 31. Be2 b5 32.
Rb2 c4 0-1

[Event "*** Titled Tuesday Blitz"]
[Site "Chess.com"]
[Date "2019.08.06"]
[Round "10"]
[White "Caisachess"]
[Black "Th3ChessViking"]
[Result "0-1"]
[WhiteElo "2327"]
[BlackElo "2422"]
[TimeControl "180+2"]
[EndTime "15:23:09 PDT"]
[Termination "Th3ChessViking won by resignation"]

1. e4 e6 2. d4 d5 3. Bd3 b6 4. exd5 exd5 5. Nf3 Bd6 6. O-O Ne7 7. h3 O-O 8. Ne5 f6 9. Ng4 Nbc6 10. c3 Bf5 11.
Bxf5 Nxf5 12. Qf3 Nfe7 13. Bf4 Kh8 14. Nd2 f5 15. Ne5 Bxe5 16. Bxe5 Ng6 17. Qe3 f4 18. Qe2 Qe7 19. Nf3 Rae8 20. Rfe1 Ncxe5 21. dxe5 Rf5 22.
Rad1 c6 23. Qc2 Qd7 24. Nd4 Rfxe5 25. Rxe5 Nxe5 26. Qd2 Ng6 27. Re1 Re4 28. f3 Re8 29.
Re2 h6 30. Qe1 Rxe2 31. Qxe2 c5 32. Nb3 Qe7 33. Qb5 Qe1+ 34. Kh2 Nh4 0-1

[Event "*** Titled Tuesday Blitz"]
[Site "Chess.com"]
[Date "2019.08.06"]
[Round "10"]
[White "ama18"]
[Black "VeraNebolsina"]
[Result "1-0"]
[WhiteElo "2493"]
[BlackElo "2400"]
[TimeControl "180+2"]
[EndTime "15:23:11 PDT"]
[Termination "ama18 won by resignation"]

1. d4 Nf6 2. c4 g6 3. Nf3 Bg7 4. g3 O-O 5. Bg2 c6 6. O-O d5 7. cxd5 cxd5 8. Ne5 e6 9. Nc3 Nfd7 10.
Nf3 Nc6 11. Bf4 Nf6 12. Rc1 Bd7 13. Bd6 Re8 14. Ne5 Bf8 15. Bxf8 Rxf8 16. e3 Qe7 17. Na4 Rfc8 18. Nd3 Be8 19. Nac5 b6 20. Na4 a5 21.
Nxb6 Qb7 22. Nxa8 Qxa8 23. Rc2 Rb8 24. Qc1 Nb4 25. Nxb4 axb4 26. b3 Ne4 27. Bxe4 dxe4 28. Qd2 Bb5 29. Rfc1 Bd3 30. Rc7 h5 31. f3 Qa6 32. Qf2 Rf8 33. R1c6 Qb5 34. Rc8 Qb7 35.
R8c7 Qb5 36. Rc5 Qa6 37. fxe4 Bxe4 38. Rc4 Qa5 39. Rc8 Bd5 40. Rxf8+ Kxf8 41. Rc5 Qa6 42. Qf6 Kg8 43. Rc7 1-0

[Event "*** Titled Tuesday Blitz"]
[Site "Chess.com"]
[Date "2019.08.06"]
[Round "10"]
[White "Zubrrr"]
[Black "BlitzWizard04"]
[Result "1/2-1/2"]
[WhiteElo "2686"]
[BlackElo "2515"]
[TimeControl "180+2"]
[EndTime "15:23:11 PDT"]
[Termination "Game drawn by repetition"]

1. c4 Nf6 2. g3 h5 3. h3 d6 4. Bg2 e5 5. Nc3 Nc6 6. Nf3 Bf5 7. d4 Qd7 8. dxe5 dxe5 9. Qxd7+ Nxd7 10. Be3 f6 11. O-O-O O-O-O 12. Nh4 Be6 13. Ng6 Rg8 14.
Bd5 Bxd5 15. Nxd5 Bd6 16. f3 Rge8 17. g4 hxg4 18. hxg4 Nf8 19. Nxf8 Bxf8 20. Rh7 b6 21. Kc2 Ne7 22. Nxe7+ Rxe7 23. Rxd8+ Kxd8 24. g5 f5 25. g6 Re6 26. Rh5 f4 27. Bd2 Bd6 28. Rg5 Ke7 29.
Bc3 Kf6 30. Rg2 Kf5 31. Kd3 Rxg6 32. Rxg6 Kxg6 33. Ke4 Kf6 34. b4 c6 35. b5 cxb5 36.
cxb5 Ke6 37. a4 g6 38. Bb2 g5 39. Bc3 Bb8 40. Bb2 Bd6 41. Bc3 Bb8 42. Bb2 Bd6 1/2-1/2

[Event "*** Titled Tuesday Blitz"]
[Site "Chess.com"]
[Date "2019.08.06"]
[Round "10"]
[White "NTBT_DHS"]
[Black "RegZryt"]
[Result "1-0"]
[WhiteElo "2656"]
[BlackElo "2603"]
[TimeControl "180+2"]
[EndTime "15:23:12 PDT"]
[Termination "NTBT_DHS won by resignation"]

1. d4 d5 2. c4 e6 3. Nf3 Nf6 4. g3 Be7 5. Bg2 O-O 6. O-O dxc4 7. Qc2 b6 8. a4 Bb7 9. Na3 Nbd7 10. Nxc4 c5 11.
dxc5 Nxc5 12. Rd1 Qc8 13. Nd6 Bxd6 14. Rxd6 Nce4 15. Qxc8 Raxc8 16. Rd1 Ba6 17. Nd4 e5 18. Nb5 Rc2 19. Bf3 Nc5 20. Bg5 e4 21. Bg2 Rxb2 22. Bxf6 gxf6 23. e3 Bxb5 24. axb5 Rxb5 25. Rxa7 Rb2 26.
Rd6 Rb1+ 27. Bf1 Ne6 28. Kg2 b5 29. h4 Rb8 30. Rdd7 Nd8 31. Be2 Nc6 32. Rac7 Ne5 33.
Rd6 b4 34. Rxf6 b3 35. Bh5 b2 36. Bxf7+ Kg7 37. Ba2+ Kxf6 38. Bxb1 h5 39. Rh7 Nd3 40.
Rxh5 Ke6 41. Ra5 Rf8 42. f4 exf3+ 43. Kf1 Rc8 44. Bxd3 Rc3 45. Bh7 Rxe3 46. Rb5 f2 47. Kxf2 1-0

[Event "*** Titled Tuesday Blitz"]
[Site "Chess.com"]
[Date "2019.08.06"]
[Round "10"]
[White "Blazinq"]
[Black "wonderfultime"]
[Result "0-1"]
[WhiteElo "2628"]
[BlackElo "2858"]
[TimeControl "180+2"]
[EndTime "15:23:13 PDT"]
[Termination "wonderfultime won by resignation"]

1. e4 c5 2. Nf3 Nf6 3. e5 Nd5 4. Nc3 e6 5. Bc4 Nb6 6. Be2 Nc6 7. O-O d6 8. exd6 Bxd6 9. Ne4 Be7 10. c3 O-O 11. d3 Nd5 12. d4 cxd4 13. Nxd4 Bd7 14.
Bf3 Rc8 15. g3 a6 16. Bg2 Qc7 17. Re1 Rfd8 18. Nxc6 Bxc6 19. Qe2 h6 20. a3 b5 21. c4 bxc4 22. Qxc4 Qb7 23. Qe2 a5 24. Qg4 f5 25.
Qg6 fxe4 26. Qxe6+ Kh8 27. Bxh6 Nf6 28. Be3 Qd7 29.
Qf7 Bd5 30. Qg6 Qe6 31. Rad1 Qf7 32. Qf5 Be6 33. Qxa5 Ng4 34. Bf4 Rxd1 35. Rxd1 Bc5 36. Rd8+ Rxd8 37. Qxd8+ Kh7 38. Bxe4+ g6 39. Qh4+ Kg7 40.
h3 Be7 41. Bh6+ Nxh6 42. Qf4 Qxf4 43. gxf4 Bxh3 44. f3 Bd6 45. Kf2 Bxf4 46. b4 Bd7 47. Ke2 Bc1 0-1

[Event "*** Titled Tuesday Blitz"]
[Site "Chess.com"]
[Date "2019.08.06"]
[Round "10"]
[White "Gareth-Bale11"]
[Black "FrenchMonster2002"]
[Result "1-0"]
[WhiteElo "2736"]
[BlackElo "2531"]
[TimeControl "180+2"]
[EndTime "15:23:14 PDT"]
[Termination "Gareth-Bale11 won by resignation"]

1. g3 g6 2. Bg2 Bg7 3. c4 Nf6 4. Nc3 O-O 5. d4 d6 6. Nf3 Nc6 7. O-O e5 8. dxe5 Nxe5 9. Nxe5 dxe5 10. Qxd8 Rxd8 11. Bg5 Rd4 12. b3 c6 13. Na4 Bf5 14.
Nc5 b6 15. e3 Rd6 16. Nb7 Re6 17. Rad1 e4 18. Nd8 Re5 19. Nxc6 Rc5 20. Ne7+ Kf8 21. Nxf5 gxf5 22. Rd6 Ke7 23. Rfd1 Rc7 24. Bh3 h6 25. Bxf6+ Bxf6 26. Bxf5 Be5 27. Rd7+ Rxd7 28. Rxd7+ Ke8 29. Rd5 f6 30. Bxe4 Rd8 31. f4 Bc3 32. Kf2 Ke7 33.
Kf3 Rxd5 34. Bxd5 f5 35. h3 Kf6 36. g4 Bd2 37. e4 fxe4+ 38. Kxe4 Bc1 39. h4 Bd2 40.
g5+ hxg5 41. hxg5+ Kg7 42. Kf5 1-0

[Event "*** Titled Tuesday Blitz"]
[Site "Chess.com"]
[Date "2019.08.06"]
[Round "10"]
[White "AlexanderKing"]
[Black "slowdgehammer"]
[Result "0-1"]
[WhiteElo "2641"]
[BlackElo "2469"]
[TimeControl "180+2"]
[EndTime "15:23:17 PDT"]
[Termination "slowdgehammer won on time"]

1. d4 Nf6 2. c4 c5 3. d5 b5 4. cxb5 a6 5. bxa6 g6 6. Nc3 Bxa6 7. e4 Bxf1 8. Kxf1 d6 9. g3 Bg7 10. Kg2 Nbd7 11. Nf3 O-O 12. a4 Qb6 13. Qe2 Qa6 14. Qc2 Rfb8 15. Bd2 Ne8 16. Rhb1 Nc7 17. b3 Rb7 18. Ra2 Rab8 19. Bc1 c4 20. Rab2 Nc5 21. bxc4 Bxc3 22. Rxb7 Rxb7 23. Rxb7 Qxb7 24. Qxc3 Nxe4 25. Qd4 Nc5 26. Bh6 Ne8 27. h4 Nxa4 28. h5 Qb2 29. Qe3 Qb7 30. hxg6 hxg6 31. Bg5 f6 32. Bf4 Nc5 33.
Qd4 Qd7 34. Be3 Ng7 35. Qf4 Nd3 36. Qh6 Qf5 37. Nh4 Qe4+ 38. Kh2 g5 39. Ng6 Ne1 0-1

[Event "*** Titled Tuesday Blitz"]
[Site "Chess.com"]
[Date "2019.08.06"]
[Round "10"]
[White "Kawhi_Leonard2"]
[Black "HanSchut"]
[Result "0-1"]
[WhiteElo "2348"]
[BlackElo "2221"]
[TimeControl "180+2"]
[EndTime "15:23:21 PDT"]
[Termination "HanSchut won by checkmate"]

1. e4 c5 2. Nf3 d6 3. d4 cxd4 4. Nxd4 Nf6 5. Nc3 a6 6. h3 e6 7. g4 d5 8. exd5 Nxd5 9. Bg2 Bb4 10. Bd2 Bxc3 11. bxc3 O-O 12. O-O Qc7 13. Qf3 Bd7 14.
Rfb1 Nc6 15. Rb2 Rac8 16. a4 Ne5 17. Qe2 Nc4 18. Rb3 Nxd2 19. Qxd2 b6 20. Bf1 Nxc3 21. Bxa6 Ne4 22. Qe3 Nc5 23. Rc3 Ra8 24. Bb5 Bxb5 25. Nxb5 Qd7 26. Rca3 Rfd8 27. c4 Qd2 28. Qxd2 Rxd2 29. a5 bxa5 30. Rxa5 Rxa5 31. Rxa5 h6 32. Ra8+ Kh7 33. Ra7 Kg6 34. Rc7 Ne4 35. c5 Nxf2 36. Nd6 Nxh3+ 37. Kf1 f6 38. Ke1 Rc2 39. Ne8 Kg5 40. Rxg7+ Kf4 41. Nxf6 Ke3 42. Kd1 Rxc5 43. Rg6 Nf2+ 44. Ke1 Rc1# 0-1

[Event "*** Titled Tuesday Blitz"]
[Site "Chess.com"]
[Date "2019.08.06"]
[Round "10"]
[White "Firouzja2003"]
[Black "Parhamov"]
[Result "0-1"]
[WhiteElo "2994"]
[BlackElo "2987"]
[TimeControl "180+2"]
[EndTime "15:23:23 PDT"]
[Termination "Parhamov won by resignation"]

1. d4 Nf6 2. Nf3 g6 3. c4 Bg7 4. Nc3 d5 5. Bg5 Ne4 6. Bf4 Nxc3 7. bxc3 c5 8. cxd5 Qxd5 9. e3 Nc6 10. Qa4 cxd4 11.
cxd4 Bd7 12. Bc4 Qa5+ 13. Qxa5 Nxa5 14. Bd3 O-O 15. Ke2 Rac8 16. Rhc1 b5 17. Ne5 Bxe5 18. Bxe5 Nc4 19. Bg3 Be6 20. f3 Rfd8 21. Bf2 f5 22. h3 a6 23. e4 Bd7 24. Rc2 Na3 25. Rxc8 Rxc8 26. d5 e6 27. d6 e5 28. Be1 Kf7 29.
Rd1 f4 30. Ba5 Rc6 31. Bc7 Ke6 32. Kd2 Nc4+ 33. Bxc4+ Rxc4 34. Rc1 Ra4 35. Rc2 g5 36. Kc1 h5 37. Kb2 b4 38. Rc5 Ra3 39. Ba5 Re3 40.
Bxb4 Re2+ 41. Rc2 Bb5 42. Ba5 Kd7 43. Rxe2 Bxe2 44. Bc3 Kxd6 45. Ba5 Bf1 46. Bd8 Bxg2 47. Bxg5 Bxf3 48. Kc3 Bxe4 49. h4 Ke6 50. Kd2 Kf5 51. Ke2 0-1

[Event "*** Titled Tuesday Blitz"]
[Site "Chess.com"]
[Date "2019.08.06"]
[Round "10"]
[White "2165149677570"]
[Black "rst2003"]
[Result "0-1"]
[WhiteElo "2307"]
[BlackElo "2328"]
[TimeControl "180+2"]
[EndTime "15:23:24 PDT"]
[Termination "rst2003 won by checkmate"]

1. e4 c5 2. Nf3 d6 3. Bb5+ Nd7 4. Ba4 a6 5. c4 Nf6 6. d3 g6 7. O-O Bg7 8. Re1 O-O 9. Nc3 Ne5 10. Nxe5 dxe5 11. Be3 Qd6 12. a3 Rd8 13. Bc2 Bd7 14. h3 b5 15. cxb5 axb5 16. a4 b4 17. Nb5 Qb6 18. Bb3 Bxb5 19. axb5 Qxb5 20. Bc4 Qb6 21.
Qb3 e6 22. Rec1 Bf8 23. Ra4 Ne8 24. Rca1 Rxa4 25. Rxa4 Nd6 26. Ra6 Qb7 27. Qa2 Nxc4 28. Qxc4 Ra8 29. Rxa8 Qxa8 30. Bxc5 Bxc5 31. Qxc5 Qa1+ 32.
Kh2 Qxb2 33. h4 Qc3 34. Qb5 h5 35. g4 hxg4 36. h5 gxh5 37. Qe8+ Kg7 38. Qd8 Qd2 39.
Kg2 b3 40. Qb8 b2 41. Qxe5+ Kg6 42. Qb5 Qc1 43. Qe8 b1=Q 44. Qg8+ Kf6 45. Qd8+ Kg7 46. e5 Qg1# 0-1

[Event "*** Titled Tuesday Blitz"]
[Site "Chess.com"]
[Date "2019.08.06"]
[Round "10"]
[White "NemtsevIgor"]
[Black "IakovUlivar"]
[Result "0-1"]
[WhiteElo "2315"]
[BlackElo "2526"]
[TimeControl "180+2"]
[EndTime "15:23:26 PDT"]
[Termination "IakovUlivar won by resignation"]

1. d4 d5 2. e4 dxe4 3. Be3 Nf6 4. f3 c5 5. c3 Nc6 6. Bb5 cxd4 7. cxd4 Nd5 8. Qd2 Bf5 9. Nc3 Nxc3 10. bxc3 e6 11. g4 Bg6 12. h4 h5 13. g5 Bd6 14. Ne2 exf3 15. Nf4 Bxf4 16. Bxf4 Qd5 17. c4 Qe4+ 18. Kf2 O-O 19. Rhe1 Qxd4+ 20. Kxf3 Qxd2 21. Bxd2 Nd4+ 22.
Kg3 Nc2 23. Bf4 Nxa1 24. Rxa1 Rfd8 25. c5 Rd5 26. Bd6 Rd8 27. Rc1 R8xd6 28. cxd6 Rxd6 29. Rc8+ Kh7 30. Rc7 a6 31. Be8 Rd3+ 32. Kg2 Rd2+ 33.
Kg3 b5 34. Bxf7 Bxf7 35. Rxf7 Rxa2 36. Re7 Ra3+ 37. Kf4 Ra4+ 38. Ke5 Rxh4 39. Rxe6 Ra4 40. Kf5 Ra1 41. Re8 g6+ 42. Kf6 Rf1+ 43. Ke7 Re1+ 44. Kf7 Rxe8 45. Kxe8 h4 0-1

[Event "*** Titled Tuesday Blitz"]
[Site "Chess.com"]
[Date "2019.08.06"]
[Round "10"]
[White "ChessQueen"]
[Black "chickencrossroad"]
[Result "1-0"]
[WhiteElo "2625"]
[BlackElo "2478"]
[TimeControl "180+2"]
[EndTime "15:23:26 PDT"]
[Termination "ChessQueen won by resignation"]

1. e4 c5 2. c3 d5 3. exd5 Qxd5 4. d4 Nf6 5. Nf3 e6 6. Bd3 Be7 7. O-O O-O 8. c4 Qd8 9. dxc5 Bxc5 10. Bg5 h6 11.
Bh4 Nc6 12. Nc3 Be7 13. Rc1 e5 14. Bxf6 Bxf6 15. Nd5 Bg4 16. h3 Bh5 17. Be4 Bg5 18. Ne3 Bxe3 19. fxe3 Qb6 20. Qe2 f5 21. Bd5+ Kh8 22.
c5 Qd8 23. Bxc6 bxc6 24. Qc4 Qe7 25. Qc3 Rae8 26. b4 f4 27. e4 Bxf3 28. Rxf3 Rd8 29. a4 Rd4 30. b5 Rxe4 31. bxc6 Rxa4 32. Rd3 Qg5 33. c7 Ra2 34. Rc2 Rxc2 35. Qxc2 e4 36.
Rd8 Rxd8 37. cxd8=Q+ Qxd8 38. Qxe4 Qc7 39. Qe8+ Kh7 40.
c6 Qb6+ 41. Kh2 a5 42. Qd7 a4 43. c7 Qf2 44. Qf5+ g6 45. Qf7+ 1-0

[Event "*** Titled Tuesday Blitz"]
[Site "Chess.com"]
[Date "2019.08.06"]
[Round "10"]
[White "EugeneRougon"]
[Black "underdogchss"]
[Result "1-0"]
[WhiteElo "2635"]
[BlackElo "2507"]
[TimeControl "180+2"]
[EndTime "15:23:27 PDT"]
[Termination "EugeneRougon won by resignation"]

1. c4 Nf6 2. Nc3 e5 3. g3 d5 4.
cxd5 Nxd5 5. Bg2 Nb6 6. Nf3 Nc6 7. O-O Be7 8. d3 O-O 9. a3 a5 10. Be3 Be6 11. Rc1 a4 12. Nd2 f5 13. Bxb6 cxb6 14. Nxa4 e4 15. dxe4 Rxa4 16. Qxa4 Qxd2 17. exf5 Nd4 18.
Rcd1 Nxe2+ 19. Kh1 Qxb2 20. fxe6 Nc3 21. Qd7 Nxd1 22.
Rxd1 Qxa3 23. f4 Qc5 24. Qxb7 b5 25. h4 b4 26. Rd7 Re8 27. Kh2 g6 28. Rc7 Qd6 29. Bc6 Qd2+ 30. Kh3 Qd3 31. Bxe8 Qf5+ 32. Kh2 Qa5 33. Rxe7 Qa2+ 34. Kh3 Qb2 35. Bc6 Kf8 1-0

[Event "*** Titled Tuesday Blitz"]
[Site "Chess.com"]
[Date "2019.08.06"]
[Round "10"]
[White "olksuna"]
[Black "chessdjw"]
[Result "0-1"]
[WhiteElo "2560"]
[BlackElo "2689"]
[TimeControl "180+2"]
[EndTime "15:23:28 PDT"]
[Termination "chessdjw won on time"]

1. c4 g6 2. g3 Bg7 3. Bg2 c5 4. Nc3 Nc6 5. Nf3 d6 6. O-O Qd7 7. a3 b6 8. e3 Bb7 9. d4 e6 10. d5 Na5 11. dxe6 fxe6 12. Qc2 Nxc4 13. Rd1 d5 14.
Ng5 Ne7 15. e4 d4 16. Bh3 Nf5 17. exf5 gxf5 18. Qe2 O-O 19. Qxc4 Rae8 20. f3 h6 21. Bg2 hxg5 22. Bxg5 Qc6 23. Ne2 b5 24. Qc2 e5 25.
Kh1 c4 26. Ng1 d3 27. Qd2 e4 28. fxe4 fxe4 29. Nh3 e3 30. Bxc6 Bxc6+ 31. Qg2 Bxg2+ 32.
Kxg2 Bxb2 33. Rab1 e2 34. Rg1 c3 35. Nf4 d2 36.
Ng6 Rf7 0-1

[Event "*** Titled Tuesday Blitz"]
[Site "Chess.com"]
[Date "2019.08.06"]
[Round "10"]
[White "nocnypako"]
[Black "mikhaillushenkov"]
[Result "1-0"]
[WhiteElo "2599"]
[BlackElo "2665"]
[TimeControl "180+2"]
[EndTime "15:23:29 PDT"]
[Termination "nocnypako won by resignation"]

1. d4 Nf6 2. c4 e6 3. Nc3 Bb4 4. e3 d5 5. a3 Be7 6. Nf3 c5 7. dxc5 Bxc5 8. cxd5 exd5 9. Bd3 O-O 10.
O-O Nc6 11. b4 Bd6 12. Ne2 Bg4 13. Ned4 Ne4 14. h3 Bh5 15. Bb2 a6 16. Nxc6 bxc6 17.
Bxe4 dxe4 18. Qd4 Qf6 19. Qxf6 gxf6 20. Nd2 f5 21. Rfc1 Rfc8 22. Nc4 Bc7 23. Be5 Bd8 24.
Nd6 Bg6 25. Nxc8 Rxc8 26. Rc3 f6 27. Bf4 Bf7 28. Rd1 Be8 29. a4 Ra8 30. Rd4 Kf7 31.
Rdc4 Be7 32. Rd4 Ra7 33. Bd6 Bd8 34. Bb8 Rd7 35. Rxd7+ Bxd7 36. Bd6 Ke6 37. Bc5 Bc7 38. Rc2 f4 39. exf4 Bxf4 40. Be3 Bd6 41. Rb2 Be5 42.
Rb1 f5 43. g3 h5 44. h4 Kd5 45.
Rd1+ Ke6 46. Bc5 f4 47. gxf4 Bxf4 48. Re1 Kd5 49. Rd1+ Ke6 50. Rd4 Be5 51. Rxe4 Kd5 52. Re1 Bg4 53. Kg2 Bc3 54. Re8 a5 55. Rb8 Kc4 56.
bxa5 Bxa5 57. Be3 Bb4 58. Bb6 Be6 59. a5 Bd5+ 60. f3 Bd6 61. Rd8 Be7 62. Rxd5 1-0

[Event "*** Titled Tuesday Blitz"]
[Site "Chess.com"]
[Date "2019.08.06"]
[Round "10"]
[White "Leonid_Starozhilov"]
[Black "Olga_Girya"]
[Result "1-0"]
[WhiteElo "2679"]
[BlackElo "2493"]
[TimeControl "180+2"]
[EndTime "15:23:30 PDT"]
[Termination "Leonid_Starozhilov won by resignation"]

1. b3 d5 2. Bb2 Nf6 3. Nf3 Bf5 4. e3 e6 5. c4 h6 6. Be2 Be7 7. O-O O-O 8. d4 Nbd7 9. Nc3 c6 10. Bd3 Bxd3 11.
Qxd3 Bb4 12. a3 Bxc3 13. Bxc3 Ne4 14. Bb2 f5 15. cxd5 exd5 16. Ne5 Nxe5 17. dxe5 Qb6 18. b4 a5 19. Bd4 Qa6 20. Qc2 axb4 21. axb4 Qb5 22. h4 Qxb4 23. Rab1 Qe7 24. g3 Rf7 25. Rb6 Rc8 26. Rfb1 Rc7 27. Kg2 c5 28. e6 cxd4 29. exf7+ Qxf7 30. Qd3 dxe3 31. Qxe3 Kh7 32. Qd4 Rc4 33.
Qe5 Rc7 34. Rd1 Rd7 35. Rb5 Qh5 36. Rbxd5 Rf7 37. Qf4 Qe2 38. Rd7 Rxd7 39. Qxf5+ Kh8 40. Rxd7 1-0

[Event "*** Titled Tuesday Blitz"]
[Site "Chess.com"]
[Date "2019.08.06"]
[Round "10"]
[White "Irochka83"]
[Black "Mazanchenko_Dmitry"]
[Result "1-0"]
[WhiteElo "2333"]
[BlackElo "2219"]
[TimeControl "180+2"]
[EndTime "15:23:31 PDT"]
[Termination "Irochka83 won by resignation"]

1. d4 g6 2. c4 Bg7 3. e4 d6 4. Nc3 Nc6 5. Be3 e5 6. d5 Nd4 7. Nge2 Bg4 8. f3 Bxf3 9. gxf3 Nxf3+ 10. Kf2 Qf6 11. Bg2 Nh4+ 12. Kg3 Bh6 13. Rf1 Qe7 14. Qd2 Bxe3 15. Qxe3 f5 16. Kf2 f4 17. Qh3 g5 18.
Qe6 Qxe6 19. dxe6 c6 20. Bh3 h5 21. Bf5 Ne7 22. Rg1 Rg8 23. Rad1 Rd8 24. c5 d5 25.
exd5 Nexf5 26. d6 g4 27. Ne4 Rg6 28. e7 Rd7 29. b4 Nf3 30. Rh1 N3d4 31. Nxd4 Nxd4 32.
Rhe1 Nf3 33. Re2 Nxh2 34. Rh1 g3+ 35. Ke1 f3 36. Rexh2 gxh2 37. Rxh2 Rg4 38. Nf6+ Kf7 39. e8=Q+ Kxf6 40. Qxd7 Re4+ 41. Kf1 1-0

[Event "*** Titled Tuesday Blitz"]
[Site "Chess.com"]
[Date "2019.08.06"]
[Round "10"]
[White "doons21"]
[Black "warmoatmeal"]
[Result "1-0"]
[WhiteElo "2575"]
[BlackElo "2051"]
[TimeControl "180+2"]
[EndTime "15:23:36 PDT"]
[Termination "doons21 won on time"]

1. e4 c5 2. c3 Nc6 3. d4 cxd4 4. cxd4 d5 5. exd5 Qxd5 6. Nf3 Bg4 7. Be2 e6 8. O-O Nf6 9. Nc3 Qd7 10. Qb3 Be7 11.
Rd1 Bxf3 12. Bxf3 Nxd4 13. Qxb7 Ne2+ 14. Kf1 Qxb7 15. Bxb7 Nxc3 16. Bc6+ Kf8 17. Bxa8 Nxd1 18. Bf3 Nxb2 19. Bxb2 Bd6 20. Bd4 a5 21. Rb1 e5 22.
Bc3 e4 23. Be2 Ke7 24. Bxa5 Rb8 25. Rxb8 Bxb8 26. h4 Nd5 27. Bc4 Kd6 28. Bd2 Kc5 29.
Bb3 f5 30. Bc2 Be5 31. g4 g6 32. h5 Kd4 33. gxf5 gxf5 34. Bb3 Bf4 35. Ba5 Ne7 36.
Bb6+ Ke5 37. Bc7+ Kd4 38. Bxf4 Nd5 39. Bxd5 1-0

[Event "*** Titled Tuesday Blitz"]
[Site "Chess.com"]
[Date "2019.08.06"]
[Round "10"]
[White "LarissaSteenbekkers"]
[Black "FearNoEvil12"]
[Result "0-1"]
[WhiteElo "1824"]
[BlackElo "2008"]
[TimeControl "180+2"]
[EndTime "15:23:36 PDT"]
[Termination "FearNoEvil12 won by checkmate"]

1. e4 a6 2. d4 b5 3. Bd3 Bb7 4. a4 b4 5. Nf3 e6 6. O-O Nf6 7.
Bg5 h6 8. Bxf6 gxf6 9. a5 d6 10.
c4 Nd7 11. Nbd2 Rg8 12. Re1 h5 13. d5 Ne5 14. Bf1 Bh6 15. Nb3 Ke7 16. Nfd4 Qf8 17. Qxh5 Rh8 18. Qe2 Qg7 19. c5 Rag8 20. cxd6+ cxd6 21. Rac1 Kd8 22. Nc6+ Kd7 23. Nxe5+ fxe5 24.
Qc4 Bxc1 25. Qxb4 Bc8 26. Rxc1 Qh6 27. h3 Qxh3 28. f3 Qh2+ 29. Kf2 Qg3+ 30. Ke2 Rh2 31. Qb6 Rxg2+ 32. Bxg2 Qxg2+ 33. Ke3 Qg5+ 34. Kd3 exd5 35. exd5 Qf5+ 36. Ke3 Qf4+ 37. Kf2 Qg3+ 38. Ke3 Qf4+ 39. Kf2 Qh4+ 40. Ke3 Qh6+ 41. Kd3 e4+ 42. Kd4 Qf6+ 43. Kc4 exf3 44. Qc6+ Kd8 45. Kb4 Rg4+ 46. Ka3 Bd7 47. Qc7+ Ke8 48. Re1+ Kf8 49. Qb8+ Kg7 50. Qb6 f2 51. Rf1 Ra4# 0-1

[Event "*** Titled Tuesday Blitz"]
[Site "Chess.com"]
[Date "2019.08.06"]
[Round "10"]
[White "santosalberto1987"]
[Black "imdvb6307"]
[Result "1/2-1/2"]
[WhiteElo "2454"]
[BlackElo "2389"]
[TimeControl "180+2"]
[EndTime "15:23:44 PDT"]
[Termination "Game drawn by stalemate"]

1. e4 e5 2. Nf3 Nf6 3. Nxe5 d6 4. Nf3 Nxe4 5. Nc3 Nf6 6. d4 Be7 7. Bd3 O-O 8. O-O d5 9. Ne2 Nc6 10. c3 Bg4 11. Ng3 Nh5 12. Nf5 Re8 13. Nxe7+ Nxe7 14. h3 Bf5 15. Bxf5 Nxf5 16. g4 Nf6 17. gxf5 Qd7 18.
Ne5 Qxf5 19. Qf3 Rxe5 20. Qxf5 Rxf5 21. Re1 Re8 22. Bd2 Ne4 23. Be3 Kf8 24. Kg2 Rf6 25. f3 Nd6 26. b3 Rfe6 27. Bf2 Nf5 28. Rxe6 Rxe6 29. Re1 Ke7 30. Rxe6+ Kxe6 31. Kf1 g5 32. Ke2 Kd6 33. Kd3 b6 34. c4 c5 35. dxc5+ bxc5 36. cxd5 Kxd5 37. b4 c4+ 38. Kc3 a6 39. a4 Nd6 40.
Bc5 Nb7 41. Be3 f6 42. b5 axb5 43. axb5 Nd6 44. b6 Kc6 45. Kb4 h6 46. f4 gxf4 47.
Bxf4 h5 48. Bxd6 Kxd6 49. Kxc4 Kc6 50. h4 Kxb6 51. Kd5 f5 52. Ke5 Kc5 53. Kxf5 Kd6 54.
Kg6 Ke6 55. Kxh5 Kf7 56. Kh6 Kg8 57. Kg6 Kh8 58. h5 Kg8 59. h6 Kh8 60. h7 1/2-1/2